 Dungeon Crawl Stone Soup version 0.26-a0-257-g47e9e61525 (webtiles) character file.

Game seed: 16816942760805411836

169 Gargoyl the Skirmisher (level 5, -2/46 HPs)
             Began as a Centaur Abyssal Knight on July 10, 2020.
             Was a Believer of Lugonu.
             Slain by Purgy (6 damage)
             ... on level 4 of the Dungeon.
             The game lasted 00:04:19 (4132 turns).

Gargoyl the Skirmisher (Centaur Abyssal Knight)     Turns: 4132, Time: 00:04:20

Health: -2/46      AC:  6    Str: 14    XL:     5   Next: 25%
Magic:  7/7        EV:  4    Int: 11    God:    Lugonu [**....]
Gold:   213        SH:  6    Dex: 10    Spells: 4/4 levels left

rFire    . . .     SeeInvis .   g - +1 war axe
rCold    . . .     Faith    .   m - +0 kite shield
rNeg     . . .     Spirit   .   i - +0 scale mail
rPois    .         Reflect  .   (no helmet)
rElec    .         Harm     .   (no cloak)
rCorr    .                      (no gloves)
MR       .....                  (no barding)
Stlth    ..........             (no amulet)
HPRegen  0.15/turn              f - ring of flight
MPRegen  0.10/turn              (no ring)

@: brilliant, very quick
A: large, hooves 3, deformed body, speed 2, tough skin 3
a: Depart the Abyss, Bend Space, Renounce Religion, Evoke Flight


You were on level 4 of the Dungeon.
You worshipped Lugonu.
Lugonu was pleased with you.
You were not hungry.

You visited 1 branch of the dungeon, and saw 4 of its levels.
You visited the Abyss 1 time.

You collected 213 gold pieces.

Inventory:

Hand Weapons
 a - a +1 hand axe
 g - a +1 war axe (weapon)
Missiles
 k - 3 boomerangs (quivered)
Armour
 i - a +0 scale mail (worn)
 m - a +0 kite shield (worn)
Jewellery
 f - a ring of flight (left hand)
Scrolls
 l - 2 scrolls of magic mapping
Comestibles
 c - 11 rations


   Skills:
 + Level 3.7 Fighting
 + Level 2.7 Axes
 * Level 2.5 Armour
 + Level 1.4 Dodging
 * Level 0.1 Shields
 * Level 2.9 Invocations


You had 4 spell levels left.
You didn't know any spells.
Your spell library was empty.

Dungeon Overview and Level Annotations

Branches:
Dungeon (4/15)
 Temple: D:4-7

Altars:
Ashenzari

Annotations:
D:3 Grinder
D:4 Purgy


Innate Abilities, Weirdness & Mutations

You have hooves in place of feet.
Armour fits poorly on your strangely shaped body.
You cover ground very quickly.
You have extremely tough skin. (AC +3)


Message History

You block Purgy's attack. Purgy bites you.
* * * LOW HITPOINT WARNING * * *
Purgy claws you.
* * * LOW HITPOINT WARNING * * *
Purgy claws you but does no damage.
You hit Purgy.
Purgy is heavily wounded.
Purgy completely misses you. Purgy barely misses you. Purgy claws you.
* * * LOW HITPOINT WARNING * * *
You slash Purgy!
Purgy is severely wounded.
Purgy bites you.
* * * LOW HITPOINT WARNING * * *
Purgy claws you but does no damage. You block Purgy's attack.
Unknown command.
You barely miss Purgy.
Purgy is severely wounded.
Purgy barely misses you. Purgy claws you but does no damage. x2
Purgy bites you.
You die...

#.......#....#....
##....###....+....
#.#### ##...#....
#.### #........
#...# ###....
####.# #....
#....# #....
#.###### #####
#@.....#
#..T.....#
#........#
#.......##
#.......#
#.......#
#.......#
#........


You could see Purgy.

Vanquished Creatures
  Jessica (D:2)
  6 adders
  An ooze (D:1)
  3 worms
  2 dart slugs (D:1)
  3 leopard geckos
  10 orcs
  A ball python (D:4)
  3 giant cockroaches
  8 goblins
  4 hobgoblins
  3 quokkas
  5 bats
  A frilled lizard (D:2)
  A jackal skeleton (D:4)
  6 kobolds
  5 rats
63 creatures vanquished.

Notes
Turn   | Place    | Note
-------+----------+-------------------------------------------
     0 | Abyss:1  | Gargoyl the Centaur Abyssal Knight began the quest for the
                  | Orb.
     0 | Abyss:1  | Reached XP level 1. HP: 19/19 MP: 2/2
    61 | D:1      | Escaped the Abyss
   344 | D:1      | Reached * piety under Lugonu
   344 | D:1      | Reached XP level 2. HP: 22/26 MP: 3/3
   763 | D:1      | Reached skill level 1 in Dodging
  1072 | D:1      | Reached XP level 3. HP: 15/31 MP: 4/4
  1873 | D:2      | Noticed Jessica
  1878 | D:2      | Killed Jessica
  1878 | D:2      | Reached XP level 4. HP: 36/38 MP: 5/5
  2686 | D:3      | Found a shattered altar of Ashenzari.
  3041 | D:3      | Noticed Grinder
  3065 | D:3      | Paralysed by Grinder for 5 turns
  3169 | D:4      | Reached ** piety under Lugonu
  3196 | D:4      | HP: 1/39 [orc/+0 club (2)]
  3219 | D:4      | Reached XP level 5. HP: 4/45 MP: 6/6
  4106 | D:4      | Noticed Purgy
  4132 | D:4      | Slain by Purgy

Illustrated notes

Levels and vault maps discovered:
D:1:      roderic_crossed_star, layout_loops_corners
D:2:      layout_loops_cross, uniq_jessica
D:3:      layout_basic, cheibrodos_ashenzari_chains, first_ration, uniq_grinder
D:4:      layout_basic, amethyst_overflow_temple_binary, serial_shops,
          nicolae_shop_stone, minivault_23, uniq_purgy

Skill      XL: |  1  2  3 |
---------------+----------+-----
Dodging        | 1 |  1.4
Axes           | 2 |  2.7
Armour         | 2 |  2.5
Fighting       | |  3.7
Shields        | |  0.1
Invocations    | |  2.9

Action                   |  1- 3 |  4- 6 || total
-------------------------+-------+-------++-------
Melee: Hand axe          |    93 |   123 ||   216
       Kick              |    14 |    28 ||    42
       War axe           |       |    26 ||    26
Throw: Boomerang         |       |     4 ||     4
Invok: Depart the Abyss  |     1 |       ||     1
  Use: Potion            |     2 |     6 ||     8
       Scroll            |     1 |     5 ||     6
 Stab: Distracted        |       |     1 ||     1
  Eat: Ration            |     1 |     2 ||     3
Armor: Leather armour    |    28 |       ||    28
       Scale mail        |    13 |   108 ||   121
Dodge: Dodged            |    51 |    50 ||   101
Block: Kite shield       |       |    53 ||    53

Table legend:
 A = Non-vault XP
 B = Vault XP
 C = Vault XP percentage of total XP
 D = Non-vault monster count
 E = Vault monster count
 F = Vault count percentage of total count
                 A         B        C        D         E       F
            +---------+---------+-------+---------+---------+-------
      Total |     205 |      37 |  15.3 |      62 |       1 |   1.6
            +---------+---------+-------+---------+---------+-------
        D:1 |      42 |       0 |   0.0 |      21 |       0 |   0.0
        D:2 |      53 |      37 |  41.1 |       9 |       1 |  10.0
        D:3 |      51 |       0 |   0.0 |      18 |       0 |   0.0
        D:4 |      59 |       0 |   0.0 |      14 |       0 |   0.0
            +---------+---------+-------+---------+---------+-------
